AoeStats
← WakoTabacco

Arena

508184225Analyzed
1v1 RM · 10d ago on Sep 21, 2026· 35m 18s· 2 players
Game mode
Random Map
Map size
Tiny (2 player)
Population
200
Speed
Normal
Resources
Standard
Victory
Conquest
Starting age
Dark Age
Ending age
Imperial Age
RankedLock teamsTeams togetherTeam positionsShared explorationLock speedFull tech treeHidden civsTurbo modeCheats
Victory
Defeat
🇦🇺 Cumans · Australia
1773
+23
🇸🇪 Poles · Sweden
1927
-23
WakoTabacco
8:51 Feudal Age
9:21 Double-Bit Axe
9:26 Horse Collar
12:54 Wheelbarrow
19:13 Castle Age
18:40 Loom
20:32 Bow Saw
21:55 Fletching
25:20 Imperial Age
27:19 Town Watch
29:10 Bodkin Arrow
29:38 Padded Archer Armor
30:43 Thumb Ring
31:39 Leather Archer Armor
32:26 Chemistry
32:19 Conscription
32:23 Ballistics
33:20 Hoardings
34:06 Two-Man Saw
33:38 Leather Archer Armor
34:08 Leather Archer Armor
34:05 Masonry
35:21 Bloodlines
addro94
11:29 Feudal Age
15:22 Castle Age
13:08 Double-Bit Axe
13:04 Horse Collar
16:04 Bloodlines
16:16 Husbandry
27:59 Imperial Age
26:14 Scale Barding Armor
26:03 Light Cavalry
27:39 Chain Barding Armor
28:58 Wheelbarrow
28:19 Loom
29:40 Chemistry
28:35 Winged Hussar
29:53 Conscription
31:26 Forging
31:56 Lechitic Legacy
Connection lost

Rejoining the realm…

Still unreachable

The connection could not be restored.

Session expired

The server has moved on; the page needs a fresh start.